 Dungeon Crawl Stone Soup version 0.24.1-14-gf8d2b509d9 (webtiles) character file.

Game seed: 11849919011094857727, levelgen mode: deterministic

2946 Spinowolf the Poker (level 9, 0/69 HPs)
             Began as a Demonspawn Abyssal Knight on Nov 21, 2021.
             Was a High Priest of Lugonu.
             Shot with a sling bullet by Joseph (16 damage)
             ... on level 8 of the Dungeon.
             The game lasted 01:36:23 (6998 turns).

Spinowolf the Poker (Demonspawn Abyssal Knight)     Turns: 6998, Time: 01:36:26

Health: 0/69       AC: 12    Str: 17      XL:     9   Next: 51%
Magic:  16/16      EV: 10    Int: 11 (14) God:    Lugonu [*****.]
Gold:   520        SH:  0    Dex: 14      Spells: 18/18 levels left

rFire    . . .     SeeInvis .   a - +1 spear
rCold    . . .     Gourm    .   y - +0 shield
rNeg     + . .     Faith    .   x - +2 ring mail {rN+}
rPois    .         Spirit   .   (no helmet)
rElec    .         Reflect  .   (no cloak)
rCorr    .         Harm     .   (no gloves)
MR       .....                  (no boots)
Stlth    ..........             (no amulet)
HPRegen  0.21/turn              g - +3 ring of slaying
MPRegen  0.15/turn              t - +3 ring of strength

@: confused
A: talons 2, iridescent scales 2, demonic guardian 1, deterioration 1, powered
by death 1, MP-powered wands
a: Depart the Abyss, Bend Space, Banish, Corrupt, Enter the Abyss, Renounce
Religion


You were on level 8 of the Dungeon.
You worshipped Lugonu.
Lugonu was extremely pleased with you.
You were not hungry.

You visited 1 branch of the dungeon, and saw 8 of its levels.
You visited the Abyss 1 time.
You also visited: Ossuary.

You collected 520 gold pieces.

Inventory:

Hand Weapons
 a - a +1 spear (weapon)
 j - a +0 battleaxe
 v - a +0 trident
Armour
 b - a +0 leather armour
 e - a +0 pair of boots
 f - a +1 scale mail
 x - a +2 ring mail of positive energy (worn)
 y - a +0 shield (worn)
Jewellery
 c - an uncursed ring of protection from fire
 g - a +3 ring of slaying (left hand)
 t - a +3 ring of strength (right hand)
Wands
 l - a wand of acid (9)
 r - a wand of random effects (24)
 s - a wand of flame (16)
 u - a wand of disintegration (6)
 w - a wand of digging (2)
Scrolls
 d - 7 scrolls of remove curse
 i - 2 scrolls of magic mapping
 k - 2 scrolls of teleportation
 p - 3 scrolls of identify
 q - a scroll of fog
 A - a scroll of fear
 B - a scroll of vulnerability
Potions
 h - 2 potions of mutation
 m - 5 potions of agility
 n - 2 potions of curing
 o - 2 potions of haste
Comestibles
 z - 2 rations


   Skills:
 + Level 6.1 Fighting
 + Level 6.6 Polearms
 + Level 3.1 Throwing
 + Level 5.2 Armour
 + Level 4.3 Dodging
 + Level 3.6 Stealth
 + Level 1.8 Shields
 + Level 3.1 Unarmed Combat
 * Level 5.0 Spellcasting
   Level 3.9 Necromancy
 + Level 5.7 Invocations


You had 18 spell levels left.
You didn't know any spells.
Your spell library was empty.

Dungeon Overview and Level Annotations

Branches:
Dungeon (8/15)             Temple (0/1) D:4         Ossuary (visited)
   Lair: D:8-11

Altars:
Ashenzari
Dithmenos
Fedhas
Gozag
Hepliaklqana
Qazlal
Uskayaw
Vehumet
Wu Jian
The Shining One

Annotations:
D:2 exclusion: oklob plant
D:5 corrupted
D:8 Joseph
Abyss:1 Duvessa


Innate Abilities, Weirdness & Mutations

You have razor-sharp toenails.
You are mostly covered in iridescent scales. (AC +4)
A weak demonic guardian rushes to your aid.
You regenerate a little health from kills.
Your body sometimes deteriorates upon taking damage.
You expend magic power (3 MP) to strengthen your wands.


Message History

Aim: Joseph, wielding a +1 quarterstaff of protection and wearing a +0 leather armour (moderately wounded, chance to defeat MR: 55%)
You feel a surge of power!
Your white imp is blasted!
You blow up your white imp!
The bullfrog skeleton misses your quasit.
A hippogriff comes into view.
Your quasit bites the bullfrog skeleton.
Your quasit claws the bullfrog skeleton. x2
Joseph unwields a +1 quarterstaff of protection.
Joseph wields a +0 hunting sling.
Joseph shoots a sling bullet.
The sling bullet hits you!
* * * LOW HITPOINT WARNING * * *
It was a potion of ambrosia.
You are confused.
You feel invigorated. The bullfrog skeleton hits your quasit.
Your quasit bites the bullfrog skeleton.
Your quasit claws the bullfrog skeleton. x2
The bullfrog skeleton closely misses your quasit.
Joseph shoots a sling bullet.
The sling bullet hits you!
You die...

........... .......
..........###....####.
........#.##(.........
[>...<..#.#...)############
........()....†))..[......#
#.......()###'###(........#
###..#(#.# #.# #.........#
#. #(#.###.###.........#
####..#...@.._..+....)....#
.......5(.#######.........#
......Z@..# ### #.........#
..........#######.........#
...................######.#
............###.....## .#
....H.......##.......#
..........#........†.#
............##.......####..


You could see Joseph, a hippogriff, a bullfrog skeleton and a friendly quasit.

Vanquished Creatures
  A sky beast (D:8)
  2 ice beasts (D:6)
  3 ogres
  A big kobold (D:7)
  5 bullfrogs
  A scorpion (D:7)
  4 killer bees (D:7)
  4 wights (Ossuary)
  A howler monkey (D:7)
  5 crimson imps
  2 centaur zombies
  A bullfrog skeleton (D:5)
  3 orc priests
  A jelly (D:6)
  An iguana (D:7)
  Ijyb (D:5)
  2 orc wizards
  6 worker ants
  A hound zombie (D:6)
  10 gnolls
  11 adders
  2 howler monkey skeletons
  A shadow imp (D:5)
  An ooze (D:4)
  2 adder skeletons
  2 adder zombies (Ossuary)
  6 worms
  3 dart slugs
  4 leopard geckos
  28 orcs
  2 giant cockroaches (D:3)
  11 goblins
  10 hobgoblins
  28 jackals
  2 quokkas
  6 bats
  2 frilled lizards
  A giant cockroach zombie (D:5)
  2 hobgoblin zombies (Ossuary)
  6 kobolds
  A kobold zombie (Ossuary)
  3 leopard gecko skeletons
  An orc skeleton (Ossuary)
  An orc zombie (Ossuary)
  6 rats
197 creatures vanquished.

Vanquished Creatures (collateral kills)
  A wraith (Ossuary)
  A black bear (D:6)
  A gnoll sergeant (D:8)
  Blork the orc (D:5)
  Dowan (D:5)
  A killer bee (D:7)
  An orc priest (D:3)
  An orc wizard (D:7)
  A gnoll shaman (D:6)
  2 gnolls
  2 worms (D:4)
  4 orcs
  A bat (D:3)
  2 jackals
20 creatures vanquished.

Vanquished Creatures (others)
  A phantom (D:5)
  A quasit (D:8)
  A worker ant zombie (D:5)
  3 orcs (D:5)
  A giant cockroach (D:5)
7 creatures vanquished.

Grand Total: 224 creatures vanquished

Notes
Turn   | Place    | Note
-------+----------+-------------------------------------------
     0 | Abyss:1  | Spinowolf the Demonspawn Abyssal Knight began the quest for
                  | the Orb.
     0 | Abyss:1  | Reached XP level 1. HP: 18/18 MP: 2/2
    71 | Abyss:1  | Found a corrupted altar of Lugonu.
   129 | D:1      | Escaped the Abyss
   233 | D:1      | Gained mutation: A weak demonic guardian rushes to your
                  | aid. [demonic ancestry]
   233 | D:1      | Reached XP level 2. HP: 19/24 MP: 3/3
   238 | D:1      | Reached skill level 1 in Dodging
   503 | D:1      | Reached ** piety under Lugonu
   589 | D:1      | Gained mutation: You regenerate a little health from kills.
                  | [demonic ancestry]
   589 | D:1      | Reached XP level 3. HP: 25/29 MP: 4/4
  1044 | D:2      | Found a hide-covered altar of Uskayaw.
  1046 | D:2      | Found a glowing golden altar of the Shining One.
  1047 | D:2      | Found a hazy altar of Hepliaklqana.
  1047 | D:2      | Found an ornate altar of the Wu Jian Council.
  1047 | D:2      | Found a shattered altar of Ashenzari.
  1047 | D:2      | Found a stormy altar of Qazlal.
  1082 | D:2      | Gained mutation: You are partially covered in iridescent
                  | scales. (AC +2) [demonic ancestry]
  1082 | D:2      | Reached XP level 4. HP: 25/37 MP: 5/5
  1327 | D:2      | Found a blossoming altar of Fedhas.
  1341 | D:2      | Noticed an oklob plant
  1615 | D:3      | Gained mutation: Your body sometimes deteriorates upon
                  | taking damage. [potion of mutation]
  1615 | D:3      | Gained mutation: You expend magic power (3 MP) to
                  | strengthen your wands. [potion of mutation]
  1683 | D:3      | Reached XP level 5. HP: 42/42 MP: 4/6
  1762 | D:3      | Reached skill level 5 in Fighting
  1762 | D:3      | Reached skill level 5 in Invocations
  1762 | D:3      | Gained mutation: You have sharp toenails. [demonic
                  | ancestry]
  1762 | D:3      | Reached XP level 6. HP: 51/51 MP: 6/10
  1844 | D:3      | Reached *** piety under Lugonu
  2322 | D:4      | Reached skill level 5 in Polearms
  2442 | D:4      | Found an opulent altar of Gozag.
  2460 | D:4      | Found an opulent altar of Gozag.
  2830 | D:4      | Reached XP level 7. HP: 56/56 MP: 12/12
  2919 | D:4      | Found a staircase to the Ecumenical Temple.
  3065 | D:5      | Entered Level 5 of the Dungeon
  3121 | D:5      | Found a sand-covered staircase.
  3126 | Ossuary  | Entered an ossuary
  3198 | Ossuary  | Reached **** piety under Lugonu
  3270 | Ossuary  | Noticed a wraith
  3270 | Ossuary  | Noticed a flying skull
  3277 | Ossuary  | Noticed a flying skull
  3279 | Ossuary  | Noticed a flying skull
  3297 | Ossuary  | Noticed a flying skull
  3329 | Ossuary  | Noticed a flying skull
  3371 | Ossuary  | Noticed a wraith
  3385 | Ossuary  | Killed a wraith
  3482 | D:5      | Corrupted D:5
  3482 | D:5      | Noticed a cacodemon
  3482 | D:5      | Noticed a thrashing horror
  3482 | D:5      | Noticed a large abomination
  3482 | D:5      | Noticed a starcursed mass
  3482 | D:5      | Noticed a large abomination
  3482 | D:5      | Noticed a ynoxinul
  3482 | D:5      | Noticed a sun demon
  3482 | D:5      | Noticed a large abomination
  3482 | D:5      | Noticed a spatial maelstrom
  3482 | D:5      | Noticed a smoke demon
  3482 | D:5      | Noticed a starcursed mass
  3482 | D:5      | Noticed a deep elf elementalist
  3482 | D:5      | Noticed a lich
  3482 | D:5      | Noticed a neqoxec
  3482 | D:5      | Noticed a large abomination
  3484 | D:5      | Noticed a guardian serpent
  3488 | D:5      | Noticed a raiju
  3489 | D:5      | Noticed an orange demon
  3493 | D:5      | Noticed a ynoxinul
  3493 | D:5      | Noticed a starcursed mass
  3494 | D:5      | Noticed a large abomination
  3496 | D:5      | Noticed a golden eye
  3497 | D:5      | Noticed a smoke demon
  3500 | D:5      | Noticed a guardian serpent
  3919 | D:5      | Found a shattered altar of Ashenzari.
  4012 | D:5      | Noticed Dowan
  4018 | D:5      | Noticed Duvessa
  4037 | D:5      | Killed Dowan
  4037 | D:5      | Gained mutation: You are mostly covered in iridescent
                  | scales. (AC +4) [demonic ancestry]
  4037 | D:5      | Reached XP level 8. HP: 18/63 MP: 13/13
  4042 | D:5      | Banished Duvessa
  4482 | D:5      | Noticed Ijyb
  4496 | D:5      | Killed Ijyb
  4542 | D:5      | Noticed Blork the orc
  4561 | D:5      | Killed Blork the orc
  4809 | D:6      | Reached skill level 5 in Armour
  5105 | D:6      | Reached skill level 1 in Shields
  5129 | D:6      | Found a shadowy altar of Dithmenos.
  5812 | D:7      | Gained mutation: You have razor-sharp toenails. [demonic
                  | ancestry]
  5812 | D:7      | Reached XP level 9. HP: 35/69 MP: 15/15
  6147 | D:7      | Reached ***** piety under Lugonu
  6861 | D:8      | Reached skill level 5 in Spellcasting
  6897 | D:8      | Found a radiant altar of Vehumet.
  6978 | D:8      | Noticed Joseph
  6998 | D:8      | Shot with a sling bullet by Joseph

Levels and vault maps discovered:
D:1:      minmay_arrival_diagonal_passages, layout_rooms,
          chequers_serial_rivers_large_a, chequers_serial_rivers_micro_c
D:2:      layout_rooms, grunt_temple_overflow_open, kennysheep_another_room,
          tgw_fedhas
D:3:      layout_loops_ring, first_ration, kennysheep_flooded_box
D:4:      layout_basic, kennysheep_mini, minmay_temple_entry_antechambers,
          minmay_misc_feat_square, grunt_gozag_breadcrumbs
D:5:      layout_gridville, lightli_ossuary_entry_decrepit_ruins, basic_altar,
          uniq_ijyb, uniq_duvessa, uniq_blork_the_orc
D:6:      layout_gridville, nicolae_dithmenos_shadow_blocks, minivault_4,
          grunt_decor_one_mirror
D:7:      layout_basic, led_sif_pool, grunt_decor_arrowhead
D:8:      gammafunk_steamed_eel, layout_rooms, lemuel_doored_altar,
          elyvilon_altar_5, serial_shops, shop, uniq_joseph

Skill      XL: |  1  2  3  4  5  6  7  8  9 |
---------------+----------------------------+-----
Polearms       | 2 3 4 5 6 |  6.6
Dodging        | 1 3 4 |  4.3
Armour         | 2 4 5 |  5.2
Fighting       | 5 6 |  6.1
Throwing       | 3 |  3.1
Stealth        | 3 |  3.6
Unarmed Combat | 3 |  3.1
Spellcasting   | 3 4 5 |  5.0
Necromancy     | 3 |  3.9
Invocations    | 5 |  5.7
Shields        | 1 |  1.8

Action                   |  1- 3 |  4- 6 |  7- 9 || total
-------------------------+-------+-------+-------++-------
Melee: Spear             |   113 |   186 |   632 ||   931
       Punch             |       |     1 |     1 ||     2
       Kick              |       |       |    62 ||    62
Invok: Bend Space        |     1 |     2 |     2 ||     5
       Corrupt           |       |       |     1 ||     1
       Banish            |       |       |     1 ||     1
Evoke: Wand              |       |       |     4 ||     4
  Use: Scroll            |     5 |     7 |     3 ||    15
       Potion            |     3 |     8 |     5 ||    16
 Stab: Sleeping          |     1 |       |     1 ||     2
       Distracted        |       |     1 |       ||     1
  Eat: Ration            |     1 |     1 |     3 ||     5
       Chunk             |       |       |     4 ||     4
Armor: Leather armour    |    24 |       |       ||    24
       Scale mail        |    21 |    77 |    62 ||   160
       Ring mail         |       |       |   148 ||   148
Dodge: Dodged            |    59 |    90 |   251 ||   400
Block: Shield            |       |       |   137 ||   137
